 Dungeon Crawl Stone Soup version 0.19.4-8-ga85b6b9 (webtiles) character file.

2677 Jynx the Basher (level 9, 0/85 HPs)
             Began as a Minotaur Fighter on Feb 11, 2017.
             Was an Initiate of Okawaru.
             Slain by tschems's ghost (12 damage)
             ... on level 7 of the Dungeon.
             The game lasted 00:08:58 (5200 turns).

Jynx the Basher (Minotaur Fighter)                  Turns: 5200, Time: 00:08:58

Health: 0/85       AC: 13    Str: 23    XL:     9   Next: 37%
Magic:  8/8        EV:  8    Int:  5    God:    Okawaru [......]
Gold:   296        SH:  0    Dex: 11    Spells: 0 memorised, 8 levels left

rFire  . . .     SeeInvis .     a - +1 flail
rCold  + . .     Gourm    .     o - +1 chain mail {rN+}
rNeg   + . .     Faith    .     (no shield)
rPois  .         Spirit   .     (helmet restricted)
rElec  .         Reflect  .     q - +0 cloak
rCorr  .         Harm     .     k - +1 pair of gloves
MR     .....                    (no boots)
Stlth  ..........               (no amulet)
                                u - ring of stealth
                                h - ring of protection from cold

@: very slightly contaminated, starving, hasted, drained, very quick
A: retaliatory headbutt, horns 2
a: Renounce Religion


You were on level 7 of the Dungeon.
You worshipped Okawaru.
Okawaru was noncommittal.
You were starving.

You visited 2 branches of the dungeon, and saw 8 of its levels.

You collected 296 gold pieces.

Inventory:

Hand Weapons
 a - a +1 flail (weapon)
Armour
 e - a +0 large shield
 k - a +1 pair of gloves (worn)
 o - a +1 chain mail of positive energy (worn)
 q - a +0 cloak (worn)
Jewellery
 h - a ring of protection from cold (left hand)
 u - a ring of stealth (right hand)
Scrolls
 b - 2 scrolls of identify
 c - 2 scrolls of fear
 d - 2 scrolls of remove curse
 j - 2 scrolls of immolation
 v - a scroll of amnesia
 w - 2 scrolls of teleportation
Potions
 g - a potion of haste
 l - a potion of magic
 p - a potion of invisibility
 t - 2 potions of flight
Comestibles
 f - 9 bread rations
 i - a royal jelly
 m - 4 meat rations
 n - 2 beef jerkies
 r - 5 fruits


   Skills:
 + Level 9.7(9.6) Fighting
 * Level 12.3 Maces & Flails
 - Level 3.6(3.5) Armour
 - Level 3.6(3.5) Shields


You had 8 spell levels left.
You didn't know any spells.

Dungeon Overview and Level Annotations

Branches:
Dungeon (7/15)             Temple (1/1) D:6

Altars:
Ashenzari
Cheibriados
Dithmenos
Elyvilon
Fedhas
Gozag
Hepliaklqana
Makhleb
Okawaru
Trog
Xom

Annotations:
D:7 tschems's ghost, novice HuFi


Innate Abilities, Weirdness & Mutations

You reflexively headbutt those who attack you in melee.
You have a pair of horns on your head.


Message History

Your headbutt misses tschems's ghost.
Tschems's ghost is severely damaged.
Tschems's ghost hits you.
You closely miss tschems's ghost.
Tschems's ghost is severely damaged.
Tschems's ghost hits you!
* * * LOW HITPOINT WARNING * * *
x2 You are too injured to fight recklessly!
You are too injured to fight recklessly!
You feel yourself speed up.
You are starving!
Tschems's ghost hits you.
* * * LOW HITPOINT WARNING * * *
x2 You are very lightly contaminated with residual magic.
You barely miss tschems's ghost.
Tschems's ghost is severely damaged.
You hit tschems's ghost but do no damage.
Tschems's ghost is severely damaged.
Tschems's ghost hits you!
You die...

,,,,,,,***,**,,,,......###****
,,,,,,,,,,,**,***#........,,,*
,,,,,,,,,,,,,,,,,#........,,,*
,,,*+*,,,,,,,,**,#........,,,*
****,**,,,,*****,#........,,,*
*,***********,#........,,,*
*,,,,,,,,,,,,,#........,,,*
##################.#######****
................@W.#
####################
,,,,,,,,,,,* **********,* *,*
*,* *,* *,* **********,*


You could see tschems's ghost.

Vanquished Creatures
  Pikel (D:6)
  The ghost of cba the Covert, a novice OpAs of Dithmenos (D:5)
  2 ice beasts (D:4)
  A sky beast (D:4)
  2 slaves (D:6)
  4 ogres
  A centaur (D:6)
  A bullfrog (D:6)
  3 scorpions
  3 killer bees (D:7)
  5 wights (D:7)
  A crimson imp (D:5)
  2 centaur zombies (D:5)
  2 hounds
  2 orc priests
  A bullfrog skeleton (D:4)
  5 orc wizards
  2 iguanas
  2 worker ants
  A hound skeleton (D:5)
  7 gnolls
  6 adders
  A shadow imp (D:4)
  An ooze (D:1)
  2 worms
  3 leopard geckos
  27 orcs
  4 bats
  7 giant cockroaches
  11 goblins
  2 hobgoblins (D:1)
  3 jackals (D:6)
  6 frilled lizards
  A jackal zombie (D:6)
  10 kobolds
  A quokka skeleton (D:4)
  7 rats
141 creatures vanquished.

Notes
Turn   | Place    | Note
-------+----------+-------------------------------------------
     0 | D:1      | Jynx the Minotaur Fighter began the quest for the Orb.
     0 | D:1      | Reached XP level 1. HP: 19/19 MP: 0/0
   145 | D:1      | Reached XP level 2. HP: 25/27 MP: 1/1
   417 | D:1      | Reached skill level 3 in Maces & Flails
   859 | D:2      | Reached XP level 3. HP: 34/34 MP: 2/2
  1700 | D:3      | Reached skill level 4 in Maces & Flails
  1999 | D:4      | Reached XP level 4. HP: 35/41 MP: 3/3
  2044 | D:4      | Reached skill level 5 in Fighting
  2047 | D:4      | Reached skill level 5 in Maces & Flails
  2047 | D:4      | Reached XP level 5. HP: 12/48 MP: 4/4
  2067 | D:4      | HP: 2/48 [poisoned by a worker ant]
  2075 | D:4      | HP: 1/48 [poisoned by a worker ant]
  2393 | D:4      | Found a shadowy altar of Dithmenos.
  2425 | D:4      | Noticed an ogre
  2433 | D:4      | Killed an ogre
  2433 | D:4      | Reached skill level 6 in Maces & Flails
  2433 | D:4      | Reached XP level 6. HP: 24/57 MP: 5/5
  3099 | D:4      | Noticed an ice beast
  3103 | D:4      | Killed an ice beast
  3103 | D:4      | Reached skill level 7 in Maces & Flails
  3103 | D:4      | Reached XP level 7. HP: 55/64 MP: 6/6
  3123 | D:5      | Entered Level 5 of the Dungeon
  3146 | D:4      | Reached skill level 8 in Maces & Flails
  3412 | D:5      | Reached skill level 9 in Maces & Flails
  3519 | D:5      | Reached XP level 8. HP: 71/74 MP: 7/7
  3835 | D:5      | Noticed cba's ghost (novice OpAs)
  3849 | D:5      | Killed cba's ghost
  3849 | D:5      | Reached skill level 10 in Maces & Flails
  4141 | D:6      | Reached skill level 11 in Maces & Flails
  4337 | D:6      | Noticed Pikel
  4360 | D:6      | Killed Pikel
  4360 | D:6      | Reached XP level 9. HP: 74/83 MP: 8/8
  4653 | D:6      | Found a staircase to the Ecumenical Temple.
  4705 | Temple   | Entered the Ecumenical Temple
  4713 | Temple   | Became a worshipper of Warmaster Okawaru
  4919 | D:7      | Reached skill level 12 in Maces & Flails
  5162 | D:7      | Noticed tschems's ghost (novice HuFi)
  5200 | D:7      | Slain by tschems's ghost

Skill      XL: |  1  2  3  4  5  6  7  8  9 |
---------------+----------------------------+-----
Fighting       | 4 5 6 7 9 |  9.7
Maces & Flails | 3 4 5 6 7 9 11 12 | 12.3
Armour         | |  3.6
Shields        | |  3.6

Action                   |  1- 3 |  4- 6 |  7- 9 || total
-------------------------+-------+-------+-------++-------
Melee: Flail             |    89 |    60 |   258 ||   407
       Headbutt          |    11 |     6 |    57 ||    74
  Use: Scroll            |     8 |     6 |     2 ||    16
       Potion            |       |     1 |     1 ||     2
  Eat: Chunk             |     1 |     5 |     5 ||    11
       Fruit             |     1 |       |       ||     1
Armor: Scale mail        |    51 |    18 |    34 ||   103
       Chain mail        |       |       |    99 ||    99
Dodge: Dodged            |    49 |    27 |    99 ||   175
